AoeStats
← gokulsurya003

Black Forest

510601622Analyzed
4v4 RM · 11h ago on Oct 1, 2026· 67m 10s· 8 players
Game mode
Random Map
Map size
Large (8 player)
Population
200
Speed
Normal
Resources
Standard
Victory
Conquest
Starting age
Dark Age
Ending age
Imperial Age
RankedLock teamsTeams togetherTeam positionsShared explorationLock speedFull tech treeHidden civsTurbo modeCheats
Victory
Defeat
🇮🇳 Byzantines · India
748
+6
🇨🇿 Khmer · Czechia
742
+6
🇮🇹 Poles · Italy
704
+7
🇮🇹 Teutons · Italy
606
+10
🇵🇪 Vietnamese · Peru
548
-9
🇲🇽 Romans · Mexico
542
-9
🇦🇩 Koreans · Andorra
451
-6
🇷🇴 Bohemians · Romania
410
-5
K1NG
0:54 Loom
18:12 Feudal Age
19:10 Horse Collar
20:07 Wheelbarrow
19:23 Double-Bit Axe
25:02 Castle Age
26:52 Hand Cart
26:43 Heavy Plow
33:34 Chemistry
32:55 Ballistics
32:39 Padded Archer Armor
32:30 Fletching
32:45 Scale Barding Armor
32:41 Scale Mail Armor
32:52 Forging
36:53 Imperial Age
35:17 Leather Archer Armor
34:57 Bodkin Arrow
35:42 Bow Saw
42:05 Two-Man Saw
43:59 Elite Hussite Wagon
helenedu92
3:43 Loom
14:59 Feudal Age
16:29 Horse Collar
16:39 Double-Bit Axe
20:01 Gold Mining
20:02 Stone Mining
22:59 Wheelbarrow
23:18 Town Watch
26:31 Fishing Lines
35:41 Castle Age
33:55 Fletching
34:16 Forging
34:11 Scale Mail Armor
36:54 Thumb Ring
36:10 Crossbowman
36:54 Bodkin Arrow
37:15 Chain Mail Armor
37:36 Iron Casting
38:31 Crossbowman
39:29 Heavy Plow
39:52 Bow Saw
40:28 Gold Shaft Mining
42:01 Eupseong
42:52 Fortified Wall
42:54 Masonry
42:40 Murder Holes
44:32 Ballistics
47:38 Imperial Age
45:23 Gillnets
46:14 Stone Shaft Mining
50:37 Hand Cart
50:23 Town Patrol
50:56 Elite War Wagon
51:59 Shinkichon
52:21 Bracer
52:52 Plate Mail Armor
51:45 Arbalester
57:31 Chemistry
56:40 Siege Engineers
57:07 Architecture
56:25 Arrowslits
56:26 Treadmill Crane
62:01 Elite Fire Lancer
Althair
14:05 Feudal Age
14:32 Double-Bit Axe
15:04 Horse Collar
17:14 Town Watch
18:40 Wheelbarrow
21:26 Fishing Lines
30:05 Castle Age
27:55 Arson
27:32 Man-at-Arms
28:26 Fletching
31:06 Hand Cart
30:56 Town Patrol
33:54 Treadmill Crane
33:49 Pikeman
34:30 Squires
35:38 Gillnets
37:13 Caravan
37:35 Heavy Plow
37:49 Bow Saw
37:43 Gold Mining
37:46 Stone Mining
38:23 Ballistics
38:07 Bodkin Arrow
38:13 Padded Archer Armor
39:44 Long Swordsman
42:27 Crossbowman
42:31 Elite Skirmisher
46:00 Imperial Age
44:33 Thumb Ring
44:27 Herbal Medicine
47:32 Paper Money
48:20 Chemistry
47:31 Onager
47:33 Capped Ram
48:48 Halberdier
48:52 Arbalester
48:56 Imperial Skirmisher
53:43 Theocracy
58:20 Two-Handed Swordsman
61:44 Champion
luisxd665
0:39 Loom
17:49 Feudal Age
18:25 Double-Bit Axe
18:25 Horse Collar
23:24 Castle Age
24:13 Gold Mining
24:15 Stone Mining
28:49 Bow Saw
29:45 Wheelbarrow
32:23 Hand Cart
34:55 Gold Shaft Mining
34:40 Forging
34:30 Scale Mail Armor
34:36 Scale Barding Armor
34:25 Fletching
34:35 Padded Archer Armor
34:58 Heavy Plow
37:34 Imperial Age
36:01 Coinage
35:32 Caravan
39:35 Chemistry
38:44 Ballistas
38:04 Man-at-Arms
38:05 Pikeman
38:46 Squires
38:50 Husbandry
39:20 Heavy Scorpion
39:24 Capped Ram
41:26 Iron Casting
41:06 Chain Mail Armor
41:12 Chain Barding Armor
41:09 Leather Archer Armor
40:49 Bodkin Arrow
40:59 Long Swordsman
41:06 Siege Ram
42:52 Legionary
44:50 Guilds
45:11 Banking
48:20 Blast Furnace
47:55 Plate Barding Armor
47:52 Ring Archer Armor
47:40 Halberdier
50:21 Masonry
50:22 Fortified Wall
50:08 Murder Holes
50:36 Ballistics
50:48 Cavalier
50:50 Light Cavalry
51:41 Bloodlines
vasia003
0:30 Loom
12:41 Feudal Age
19:48 Castle Age
18:27 Horse Collar
18:36 Double-Bit Axe
27:05 Forging
27:01 Scale Barding Armor
34:18 Imperial Age
33:05 Bow Saw
34:52 Chain Barding Armor
35:08 Iron Casting
34:48 Cavalier
38:35 Blast Furnace
38:11 Plate Barding Armor
36:59 Paladin
39:26 Conscription
39:30 Scale Mail Armor
43:01 Chain Mail Armor
44:02 Town Watch
44:54 Wheelbarrow
46:06 Chemistry
49:25 Caravan
49:43 Hand Cart
49:32 Town Patrol
51:36 Siege Engineers
Yannis
0:30 Loom
15:45 Feudal Age
16:48 Double-Bit Axe
21:07 Horse Collar
24:10 Castle Age
23:10 Scale Mail Armor
24:23 Forging
26:09 Bow Saw
26:06 Heavy Plow
25:30 Pikeman
26:07 Gold Mining
34:46 Imperial Age
32:30 Scale Barding Armor
32:39 Fletching
32:14 Elite Skirmisher
34:46 Padded Archer Armor
36:41 Crop Rotation
37:21 Chain Mail Armor
37:42 Iron Casting
37:03 Town Watch
38:38 Wheelbarrow
39:41 Chemistry
39:02 Ballistics
40:43 Conscription
40:28 Stone Mining
41:24 Caravan
42:11 Plate Mail Armor
41:40 Bodkin Arrow
42:21 Thumb Ring
42:52 Squires
43:12 Fortified Wall
42:58 Murder Holes
46:00 Arson
47:20 Blast Furnace
46:36 Leather Archer Armor
48:29 Hoardings
49:37 Sanctity
49:29 Fervor
49:12 Elite Obuch
58:20 Hand Cart
Notgreat Notterrible
0:28 Loom
10:56 Feudal Age
11:36 Town Watch
14:19 Gold Mining
14:20 Double-Bit Axe
18:25 Castle Age
16:33 Horse Collar
16:56 Stone Mining
19:30 Town Patrol
21:13 Bow Saw
21:12 Heavy Plow
24:55 Gold Shaft Mining
29:32 Stone Shaft Mining
29:06 Fletching
29:22 Scale Barding Armor
29:28 Forging
29:18 Scale Mail Armor
29:19 Padded Archer Armor
30:06 Ballistics
29:57 Fortified Wall
29:43 Murder Holes
31:57 Heated Shot
32:18 Masonry
32:10 Bodkin Arrow
32:32 Chain Mail Armor
34:54 Wheelbarrow
36:51 Imperial Age
35:20 Chain Barding Armor
35:15 Leather Archer Armor
35:35 Iron Casting
35:26 Caravan
37:04 Heavy Scorpion
38:44 Hand Cart
39:51 Chemistry
39:22 Architecture
39:30 Plate Barding Armor
39:56 Blast Furnace
38:56 Bracer
39:27 Ring Archer Armor
39:38 Double Crossbow
40:00 Conscription
40:16 Hoardings
39:54 Husbandry
40:06 Bloodlines
39:19 Light Cavalry
40:49 Siege Engineers
41:29 Crop Rotation
41:41 Elite Battle Elephant
41:45 Hussar
42:29 Tusk Swords
43:42 Arson
43:20 Pikeman
44:31 Halberdier
45:19 Elite Skirmisher
gokulsurya003
0:59 Loom
11:17 Feudal Age
15:18 Wheelbarrow
15:58 Fishing Lines
17:10 Horse Collar
21:51 Double-Bit Axe
21:59 Gold Mining
21:59 Stone Mining
28:33 Castle Age
31:24 Hand Cart
36:03 Imperial Age
33:50 Scale Barding Armor
33:46 Padded Archer Armor
33:37 Fletching
33:58 Forging
33:48 Scale Mail Armor
37:36 Stone Shaft Mining
37:36 Gold Shaft Mining
38:36 Cavalier
39:17 Husbandry
39:47 Guilds
40:08 Coinage
40:07 Guilds
39:30 Heavy Cavalry Archer
42:13 Gillnets
43:02 Leather Archer Armor
42:44 Bodkin Arrow
43:25 Iron Casting
43:20 Ballistics
43:56 Bow Saw
45:47 Heavy Plow
53:45 Chemistry
57:42 Paladin
62:33 Paladin
64:37 Chain Barding Armor
64:33 Chain Mail Armor
64:48 Ring Archer Armor
64:19 Bracer
Connection lost

Rejoining the realm…

Still unreachable

The connection could not be restored.

Session expired

The server has moved on; the page needs a fresh start.